 Dungeon Crawl Stone Soup version 0.29.0-10-g45618ea6d2 (webtiles) character file.

Game seed: 10683254873052306898

24 Flugkiller the Trooper (level 2, 0/27 HPs)
             Began as a Minotaur Fighter on Sept 1, 2022.
             Killed from afar by Natasha (5 damage)
             ... with a magic dart
             ... on level 2 of the Dungeon.
             The game lasted 00:00:22 (940 turns).

Flugkiller the Trooper (Minotaur Fighter)            Turns: 940, Time: 00:00:23

Health: 0/27       AC:  9    Str: 20    XL:     2   Next: 79%
Magic:  1/1        EV:  9    Int:  5    God:
Gold:   48         SH:  4    Dex:  9    Spells: 1/1 levels left

rFire   . . .      SeeInvis .   a - +0 war axe
rCold   . . .      Faith    .   c - +0 buckler
rNeg    . . .      Spirit   .   b - +0 scale mail
rPois   .          Reflect  .   (helmet restricted)
rElec   .          Harm     .   (no cloak)
rCorr   .          Rampage  .   (no gloves)
Will    .....                   o - +1 pair of boots
Stlth   ..........              (no amulet)
HPRegen 0.09/turn               (no ring)
MPRegen 0.07/turn               (no ring)

@: no status effects
A: horns 2, retaliatory headbutt
a: no special abilities


You were on level 2 of the Dungeon.
You visited 1 branch of the dungeon, and saw 2 of its levels.

You collected 48 gold pieces.

Inventory:

Hand Weapons
 a - a +0 war axe (weapon)
Armour
 b - a +0 scale mail (worn)
 c - a +0 buckler (worn)
 o - a +1 pair of boots (worn)
   (You found it on level 1 of the Dungeon)
Scrolls
 e - a scroll of teleportation {unknown}
 f - a scroll of blinking {unknown}
 g - 3 scrolls of identify {unknown}
 i - a scroll of summoning {unknown}
 j - a scroll of butterflies {unknown}
 k - a scroll of amnesia {unknown}
 l - a scroll of magic mapping {unknown}
Potions
 d - a potion of might
 m - a potion of attraction {unknown}
 n - a potion of flight {unknown}


   Skills:
 + Level 4.0 Fighting
 * Level 3.4 Axes
 + Level 4.0 Armour
 - Level 3.6 Shields


You had one spell level left.
You didn't know any spells.
Your spell library was empty.

Dungeon Overview and Level Annotations

Branches:
Dungeon (2/15)

Altars:

Annotations:
D:2 Natasha


Innate Abilities, Weirdness & Mutations

You have a pair of horns on your head.
You reflexively headbutt those who attack you in melee.


Message History

No target in view!
No target in view!
No target in view!
No target in view!
No target in view!
n - an emerald potion You see here a +1 pair of boots.
No target in view!
A frilled lizard comes into view.
The frilled lizard hisses angrily.
The frilled lizard moves out of view.
No target in view!
A frilled lizard is nearby!
You see here a +1 pair of boots.
o - a +1 pair of boots The frilled lizard bites you.
You completely miss the frilled lizard.
Your headbutt misses the frilled lizard.
The frilled lizard barely misses you. You furiously retaliate!
You headbutt the frilled lizard!
You kill the frilled lizard!
No target in view!
No target in view!
No target in view!
No target in view!
No target in view!
No target in view!
No target in view!
You start removing your armour.
You continue taking off your +0 pair of boots. x4
You finish taking off your +0 pair of boots.
You start putting on your armour.
You continue putting on your +1 pair of boots. x5
You finish putting on your +1 pair of boots.
Unknown command.
There is a dry fountain here.
Done exploring.
Done exploring.
You drop a +0 pair of boots.
Done exploring.
Done exploring.
Done exploring.
(D) Dungeon
Where to? (? - help)
There is a stone staircase leading down here.
You climb downwards.
Found three items.
There is a stone staircase leading up here.
Unknown command.
Natasha, Servant of Life and Death comes into view.
Natasha hisses angrily.
A bat comes into view.
Natasha casts a spell.
There are monsters nearby!
There are monsters nearby!
A worm comes into view.
You see here 2 brown potions.
The bat hits you but does no damage. You block the bat's attack.
The crimson imp closely misses you.
You closely miss the crimson imp. You closely miss Natasha.
The bat hits you but does no damage. Natasha barely misses you.
The crimson imp hits you. Natasha claws you but does no damage.
You miss the crimson imp. You closely miss the bat. You closely miss Natasha.
The bat closely misses you. The bat hits you but does no damage.
The crimson imp blinks!
Natasha growls.
Natasha claws you but does no damage. The bat hits you but does no damage.
You barely miss Natasha. You hit the bat. The bat hits you but does no damage.
Natasha casts a spell at you. The magic dart hits you!
You hit the bat.
You kill the bat!
You closely miss Natasha. Natasha completely misses you. Natasha claws you.
Your Fighting skill increases to level 4!
You slash Natasha! Your headbutt misses Natasha.
Natasha is heavily wounded.
You slash the worm!
The crimson imp blinks!
Natasha claws you but does no damage. The worm barely misses you.
You closely miss Natasha.
Natasha is heavily wounded.
You hit the worm. Natasha claws you!
* * * LOW HITPOINT WARNING * * *
Natasha barely misses you. The worm bites you.
* * * LOW HITPOINT WARNING * * *
You are too injured to fight recklessly!
You are too injured to fight recklessly!
You closely miss Natasha.
Natasha is heavily wounded.
You slash the worm!
You kill the worm!
Natasha casts a spell at you. You resist with significant effort.
Your Armour skill increases to level 4!
You miss Natasha.
Natasha is heavily wounded.
You barely miss the crimson imp.
The crimson imp disappears in a puff of smoke!
Natasha stares at you and mumbles some strange words.
The magic dart hits you.
You die...

.. #.. ##.. ...
##.# ###..#
####...#####
#.<..!.....##.#
#......@†......
#.:....§h...#..
#............##
#...............
##.##......?.#...
♣. #.......$# .#
#. #......... .
#......####


You could see Natasha.

Vanquished Creatures
  A worm (D:2)
  A dart slug (D:1)
  A bat (D:2)
  3 endoplasms (D:1)
  A giant cockroach (D:1)
  A hobgoblin (D:1)
  2 ball pythons (D:1)
  A frilled lizard (D:1)
  4 kobolds (D:1)
  3 rats (D:1)
18 creatures vanquished.

Notes
Turn   | Place    | Note
-------+----------+-------------------------------------------
     0 | D:1      | Flugkiller the Minotaur Fighter began the quest for the
                  | Orb.
     0 | D:1      | Reached XP level 1. HP: 19/19 MP: 0/0
   427 | D:1      | Reached XP level 2. HP: 16/27 MP: 1/1
   929 | D:2      | Noticed Natasha
   930 | D:2      | Noticed a crimson imp
   940 | D:2      | Killed from afar by Natasha

Illustrated notes

Levels and vault maps discovered:
D:1:      matt_arrival_grand_opening, layout_rooms, serial_corexii_hall,
          corexii_hall_statues_l, corexii_hall_statues_x,
          chequers_hall_statues_wall_a, chequers_hall_statues_y,
          chequers_decorated_corner, minmay_tetromino_t4
D:2:      layout_rooms, amcnicky_mini_corridor_feature,
          minmay_misc_feat_diagonals, uniq_jessica, uniq_natasha, uniq_robin

Skill      XL: |  1  2 |
---------------+-------+-----
Axes           | 3 |  3.4
Fighting       | 4 |  4.0
Armour         | 4 |  4.0
Shields        | |  3.6

Action                   || total
-------------------------++-------
Melee: War axe           ||    45
       Headbutt          ||     3
Armor: Scale mail        ||    31
Dodge: Dodged            ||    21
Block: Buckler           ||    14
